 Dungeon Crawl Stone Soup version 0.31-a0-152-g6aa68a64a1 (webtiles) character file.

Game seed: 7664547887874170538

21254 qw the Marksminotaur (level 12, -3/111 HPs)
             Began as a Minotaur Hunter on June 9, 2023.
             Was a Priest of Okawaru.
             Slain by a dire elephant (5 damage)
             ... on level 4 of the Lair of Beasts.
             The game lasted 00:05:15 (13019 turns).

qw the Marksminotaur (Minotaur Hunter)             Turns: 13019, Time: 00:05:16

Health: -3/111     AC: 17    Str: 18    XL:     12   Next: 52%
Magic:  16/16      EV: 26    Int:  1    God:    Okawaru [***...]
Gold:   657        SH:  5    Dex: 29    Spells: 11/11 levels left

rFire   . . .        Y - +0 orcbow
rCold   . . .        (shield currently unavailable)
rNeg    . . .        j - +5 ring mail of the Tundras {Str+2 Int-5 Dex+4}
rPois   .            (helmet restricted)
rElec   .            m - +1 cloak
rCorr   +            a - +1 pair of gloves
SInv    .            (no boots)
Will    .....        e - amulet of reflection
Stlth   +++          b - +6 ring of dexterity
HPRegen 0.38/turn    i - ring of resist corrosion
MPRegen 0.15/turn

%: reflection
@: about to teleport, heroic
A: horns 2, retaliatory headbutt
a: Renounce Religion, Heroism


You were on level 4 of the Lair of Beasts.
You worshipped Okawaru.
Okawaru was most pleased with you.
You visited 3 branches of the dungeon, and saw 14 of its levels.

You collected 1052 gold pieces.
You spent 395 gold pieces at shops.


Innate Abilities, Weirdness & Mutations

You have a pair of horns on your head.
You reflexively headbutt those who attack you in melee.


   Skills:
 + Level 11.7(16.7) Fighting
 - Level 16.0(21.0) Ranged Weapons
 - Level 6.0(11.0) Armour
 - Level 10.0(15.0) Dodging
 - Level 0.7(5.7) Stealth
 - Level 6.7 Invocations


You had 11 spell levels left.
You didn't know any spells.
Your spell library was empty.

Inventory:

Hand Weapons
 Y - a +0 orcbow (weapon)
Armour
 a - a +1 pair of gloves (worn)
 j - the +5 ring mail of the Tundras (worn) {Str+2 Int-5 Dex+4}
   (You found it on level 3 of the Dungeon)

   Str:       It affects your strength (+2).
   Int:       It affects your intelligence (-5).
   Dex:       It affects your dexterity (+4).
 m - a +1 cloak (worn)
Jewellery
 b - a +6 ring of dexterity (left hand)
 e - an amulet of reflection (around neck)
 i - a ring of resist corrosion (right hand)
Scrolls
 h - 3 scrolls of identify
Potions
 c - 2 potions of resistance
 d - 8 potions of curing
 f - a potion of magic
 g - a potion of might
 k - 2 potions of mutation
 l - a potion of haste

Dungeon Overview and Level Annotations

Branches:
Dungeon (9/15)             Temple (1/1) D:5            Lair (4/5) D:9
  Swamp (0/4) Lair:2       Spider (0/4) Lair:3
  Slime: Lair:4-5       Orc: D:9-12

Altars:
Ashenzari
Cheibriados
Dithmenos
Elyvilon
Fedhas
Gozag
Hepliaklqana
Kikubaaqudgha
Makhleb
Nemelex Xobeh
Okawaru
Qazlal
Ru
Sif Muna
Trog
Uskayaw
Vehumet
Wu Jian
Xom
Yredelemnul
Zin
The Shining One

Shops:
D:2 [   D:8 !

Annotations:
D:8 3 runed translucent doors, qw's ghost, novice GrFi
Lair:1 2 transporters


Message History

You shoot an arrow. The arrow hits the dire elephant.
The dire elephant is severely wounded.
The elephant tramples you but does no damage.
The elephant completely misses you. The dire elephant closely misses you.
The dire elephant trunk-slaps you but does no damage.
The elephant barely misses you.
The elephant trunk-slaps you but does no damage.
You shoot an arrow.
The arrow hits the dire elephant but does no damage.
The dire elephant is severely wounded.
The dire elephant tramples you!
You hold your ground!
The dire elephant trunk-slaps you but does no damage.
The elephant completely misses you. You block the elephant's attack. x2
The elephant completely misses you.
You shoot an arrow.
The arrow hits the dire elephant but does no damage.
The dire elephant is severely wounded.
The dire elephant tramples you!!
You hold your ground!
The dire elephant completely misses you.
The elephant closely misses you. You furiously retaliate!
You headbutt the elephant! The elephant completely misses you.
The elephant barely misses you. The elephant closely misses you.
13017 ||| READING scroll of teleportation.
As you read the scroll of teleportation, it crumbles to dust.
You feel strangely unstable. You block the dire elephant's attack.
The dire elephant misses you. The elephant completely misses you.
You furiously retaliate!
You headbutt the elephant!
The elephant trunk-slaps you but does no damage.
You block the elephant's attack. The elephant misses you.
You shoot an arrow.
The arrow completely misses the dire elephant.
You shoot an arrow.
The arrow hits the dire elephant but does no damage.
The dire elephant is heavily wounded.
The elephant tramples you.
You hold your ground!
The elephant trunk-slaps you but does no damage.
The dire elephant barely misses you. You furiously retaliate!
You headbutt the dire elephant! The dire elephant trunk-slaps you.
You die...

.........### ### #P.......#.#
...........####.#####........#
P......#.....P...##..#......###
...%.>.##........#...#........#
..<...####..........P.........#
.......###........%...........#
.......P###..#####............###
.......##.#.##.#####.P#.......##.
............#=.Y@..####.........#
............##.YY...##...........
............##.##................
..........>.#.. ##.##............
............##. ###..#..........
............##. #...#....../...
...........#.######..##..........
.......#.#.....#!.##.##.........#
......####.........###........###


You could see a dire elephant and 2 elephants.

Vanquished Creatures
  3 hydras
  A centaur warrior (D:9)
  Nergalle (Lair:1)
  A skyshark (Lair:3)
  A deep elf pyromancer (D:9)
  An oklob plant (Lair:3)
  A will-o-the-wisp (Lair:2)
  2 ugly things
  2 elephants (Lair:4)
  2 black mambas
  9 cane toads
  10 komodo dragons
  2 rime drakes
  4 polar bears
  A hornet (D:9)
  4 wyverns
  10 yaks (Lair:3)
  5 basilisks
  3 steam dragons
  Duvessa (D:4)
  9 water moccasins
  A black bear (D:7)
  An ogre (D:7)
  9 wolves
  A centaur (D:9)
  A phantom (D:4)
  2 kobold brigands (D:9)
  9 bullfrogs
  A gnoll sergeant (D:9)
  A scorpion (D:7)
  8 wights
  6 killer bees (D:8)
  Dowan (D:4)
  5 electric eels
  A howler monkey (D:6)
  3 hounds
  A gnoll bouda (D:9)
  2 orc priests
  2 jellies
  A sleepcap (D:3)
  7 iguanas
  7 orc wizards
  6 gnolls (D:9)
  4 adders
  2 ufetubi
  3 worms
  2 dart slugs
  14 orcs
  5 bats
  10 endoplasms
  7 giant cockroaches
  4 goblins
  6 hobgoblins
  11 jackals
  16 kobolds
  A quokka (D:4)
  6 ball pythons
  2 frilled lizards
  6 rats
248 creatures vanquished.

Notes
Turn   | Place    | Note
-------+----------+-------------------------------------------
     0 | D:1      | qw the Minotaur Hunter began the quest for the Orb.
     0 | D:1      | Reached XP level 1. HP: 18/18 MP: 0/0
     0 | D:1      | 0 ||| qw: Version: 0.2-a-122-gbc61b45
     0 | D:1      | 0 ||| qw: Game counter: 3273
     0 | D:1      | 0 ||| qw: Always use a shield: true
     0 | D:1      | 0 ||| qw: God list: Okawaru
     0 | D:1      | 0 ||| qw: Allow faded altars: false
     0 | D:1      | 0 ||| qw: Do Orc after D:15 true
     0 | D:1      | 0 ||| qw: Do second Lair branch before Depths: true
     0 | D:1      | 0 ||| qw: Lair rune preference: random
     0 | D:1      | 0 ||| qw: Plans: Normal
     0 | D:1      | 0 ||| PLANNING D:1-11
   176 | D:1      | Reached XP level 2. HP: 25/25 MP: 1/1
   180 | D:1      | Reached skill level 5 in Ranged Weapons
   314 | D:1      | Reached skill level 3 in Fighting
   442 | D:1      | Reached XP level 3. HP: 31/31 MP: 2/2
   713 | D:1      | 713 ||| UPGRADING to +0 ring mail.
   723 | D:1      | 723 ||| DROPPING +0 leather armour.
   724 | D:1      | 724 ||| READING scroll labelled FEOPTAS BICY.
   728 | D:1      | 728 ||| READING scroll labelled RUECSE IMAACSECW.
   729 | D:1      | 729 ||| READING scroll labelled EHOWUL JOISHROBB.
   730 | D:1      | 730 ||| READING scroll labelled PUHONILA ICHO.
   731 | D:1      | 731 ||| DROPPING scroll of butterflies.
   770 | D:2      | Found Fawocuiz's Armour Shop.
   874 | D:2      | 874 ||| BUYING +0 pair of gloves (54 gold).
   874 | D:2      | Bought a +0 pair of gloves for 54 gold pieces
   874 | D:2      | 874 ||| SHOPLISTING scarf of repulsion (144 gold, have 46).
   896 | D:2      | Reached skill level 1 in Armour
   932 | D:2      | Found a glowing golden altar of the Shining One.
  1735 | D:2      | 1735 ||| UPGRADING to +0 pair of gloves.
  1740 | D:2      | 1740 ||| UPGRADING to +6 ring of dexterity.
  1741 | D:2      | 1741 ||| UPGRADING to ring of resist corrosion.
  1742 | D:2      | 1742 ||| READING scroll labelled JUNAGOIPASK.
  1743 | D:2      | 1743 ||| READING scroll labelled LIOX IRCHAIMEV.
  1869 | D:3      | Found a shimmering altar of Xom.
  1869 | D:3      | Found a snail-covered altar of Cheibriados.
  1880 | D:3      | Reached XP level 4. HP: 38/38 MP: 3/3
  1914 | D:3      | Identified the +5 ring mail of the Tundras {Str+2 Int-5
                  | Dex+4}
  1966 | D:3      | Reached skill level 6 in Ranged Weapons
  2336 | D:3      | Found a shimmering blue altar of Sif Muna.
  2415 | D:3      | 2415 ||| UPGRADING to +5 ring mail of the Tundras {Str+2
                  | Int-5 Dex+4}.
  2425 | D:3      | 2425 ||| DROPPING +0 ring mail.
  2426 | D:3      | 2426 ||| READING scroll labelled JOOLUD KAEDUPY.
  2427 | D:3      | 2427 ||| READING 3 scrolls labelled KISEZX USKU.
  2428 | D:3      | 2428 ||| READING scroll labelled ITEATA ZOFO.
  2429 | D:3      | 2429 ||| READING scroll labelled SEWKEY KIKLU.
  2502 | D:3      | 2502 ||| DRINKING 2 fuming green potions.
  2503 | D:3      | 2503 ||| READING 2 scrolls of identify.
  2503 | D:3      | 2503 ||| IDENTIFYING silvery potion
  2504 | D:3      | 2504 ||| DROPPING 2 scrolls of noise.
  2531 | D:4      | Reached XP level 5. HP: 36/46 MP: 4/4
  2531 | D:4      | 2531 ||| STAIRDANCE
  2536 | D:3      | Reached skill level 3 in Dodging
  2693 | D:4      | Reached XP level 6. HP: 48/52 MP: 5/5
  2775 | D:4      | Reached skill level 7 in Ranged Weapons
  2810 | D:4      | Found a broken altar of Ashenzari.
  2819 | D:4      | Noticed Duvessa
  2820 | D:4      | Noticed Dowan
  2830 | D:4      | Killed Duvessa
  2835 | D:4      | HP: 10/52 [Dowan/+3 dagger (5)]
  2836 | D:4      | 2836 ||| DRINKING 2 potions of heal wounds.
  2838 | D:4      | Killed Dowan
  2839 | D:4      | Reached skill level 8 in Ranged Weapons
  3083 | D:4      | Found a blossoming altar of Fedhas.
  3163 | D:4      | Found a hazy altar of Hepliaklqana.
  3174 | D:4      | Reached XP level 7. HP: 56/60 MP: 6/6
  3189 | D:4      | 3189 ||| UPGRADING to amulet of reflection.
  3194 | D:4      | 3194 ||| READING scroll labelled TEYTHI QIGEU.
  3195 | D:4      | 3195 ||| DRINKING 2 fuming coppery potions.
  3196 | D:4      | 3196 ||| DROPPING potion of attraction.
  3223 | D:5      | Entered Level 5 of the Dungeon
  3232 | D:5      | 3232 ||| DROPPING +0 sling of freezing.
  3710 | D:5      | Found a staircase to the Ecumenical Temple.
  3711 | D:5      | 3711 ||| PLANNING TEMPLE
  3711 | D:5      | 3711 ||| READING scroll labelled LIUPIN ISTYP.
  3718 | Temple   | Entered the Ecumenical Temple
  3771 | Temple   | 3771 ||| PLANNING OKAWARU WORSHIP
  3965 | Temple   | Became a worshipper of Warmaster Okawaru
  3965 | Temple   | 3965 ||| PLANNING D:1-11
  4206 | D:6      | Found an ornate altar of the Wu Jian Council.
  4376 | D:6      | Identified the +0 ring mail "Damnable Contraption" {rElec
                  | rF- Stlth+}
  4537 | D:6      | HP: 13/54 [wight/+3 long sword (5)]
  4538 | D:6      | 4538 ||| READING 2 scrolls of teleportation.
  4538 | D:6      | HP: 5/52 [wight/+3 short sword (2)]
  4539 | D:6      | 4539 ||| DRINKING potion of heal wounds.
  4702 | D:6      | Reached skill level 9 in Ranged Weapons
  4702 | D:6      | 4702 ||| FLEEEEING.
  4708 | D:6      | Reached * piety under Okawaru
  4709 | D:6      | Reached XP level 8. HP: 63/69 MP: 7/7
  4730 | D:6      | 4730 ||| DROPPING ring of magical power.
  4731 | D:6      | 4731 ||| DROPPING ring of wizardry.
  4732 | D:6      | 4732 ||| READING scroll labelled BAF NYHULIUFUI.
  4746 | D:6      | 4746 ||| READING 2 scrolls of identify.
  4746 | D:6      | 4746 ||| IDENTIFYING cyan potion
  4757 | D:6      | Reached skill level 1 in Invocations
  4918 | D:7      | 4918 ||| INVOKING Heroism.
  4919 | D:7      | 4919 ||| INVOKING Heroism.
  4924 | D:7      | Reached skill level 6 in Fighting
  5141 | D:7      | 5141 ||| DRINKING potion of curing.
  5141 | D:7      | 5141 ||| (to cure confusion)
  5155 | D:7      | 5155 ||| INVOKING Heroism.
  5336 | D:7      | Found an opulent altar of Gozag.
  5537 | D:7      | Found a basalt altar of Yredelemnul.
  5574 | D:7      | Reached skill level 3 in Invocations
  5633 | D:7      | 5633 ||| DRINKING 2 lumpy ruby potions.
  5634 | D:7      | 5634 ||| DROPPING potion of brilliance.
  5664 | D:8      | Found Cuisela's Distillery.
  5669 | D:8      | Noticed a brown ugly thing
  5679 | D:8      | 5679 ||| INVOKING Heroism.
  5686 | D:8      | HP: 8/71 [brown ugly thing (13)]
  5687 | D:8      | 5687 ||| READING scroll of teleportation.
  5989 | D:8      | 5989 ||| BUYING potion of curing (33 gold).
  5989 | D:8      | Bought a potion of curing for 33 gold pieces
  5989 | D:8      | 5989 ||| BUYING potion of magic (88 gold).
  5989 | D:8      | Bought a potion of magic for 88 gold pieces
  5989 | D:8      | 5989 ||| BUYING potion of might (44 gold).
  5989 | D:8      | Bought a potion of might for 44 gold pieces
  5989 | D:8      | 5989 ||| BUYING potion of mutation (88 gold).
  5989 | D:8      | Bought a potion of mutation for 88 gold pieces
  5989 | D:8      | 5989 ||| BUYING potion of mutation (88 gold).
  5989 | D:8      | Bought a potion of mutation for 88 gold pieces
  6019 | D:8      | 6019 ||| INVOKING Heroism.
  6024 | D:8      | Killed a brown ugly thing
  6025 | D:8      | Reached skill level 10 in Ranged Weapons
  6324 | D:8      | Reached XP level 9. HP: 62/78 MP: 10/10
  6339 | D:8      | 6339 ||| INVOKING Heroism.
  6570 | D:8      | 6570 ||| INVOKING Heroism.
  6594 | D:8      | 6594 ||| FLEEEEING.
  6595 | D:8      | 6595 ||| FLEEEEING.
  6596 | D:8      | 6596 ||| FLEEEEING.
  6597 | D:8      | 6597 ||| FLEEEEING.
  6598 | D:8      | 6598 ||| FLEEEEING.
  6599 | D:8      | 6599 ||| FLEEEEING.
  6721 | D:8      | Found a runed translucent gate.
  6722 | D:8      | Found a runed translucent gate.
  6723 | D:8      | Found a runed translucent gate.
  6725 | D:8      | Noticed qw's ghost (novice GrFi)
  6937 | D:8      | 6937 ||| READING 2 scrolls of identify.
  6937 | D:8      | 6937 ||| IDENTIFYING green potion
  6938 | D:8      | 6938 ||| DROPPING potion of lignification.
  6976 | D:9      | 6976 ||| INVOKING Heroism.
  6991 | D:9      | Noticed a brown ugly thing
  7004 | D:9      | 7004 ||| INVOKING Heroism.
  7012 | D:9      | Killed a brown ugly thing
  7013 | D:9      | Reached skill level 6 in Dodging
  7024 | D:9      | 7024 ||| FLEEEEING.
  7025 | D:9      | 7025 ||| FLEEEEING.
  7029 | D:9      | 7029 ||| FLEEEEING.
  7030 | D:9      | 7030 ||| STAIRDANCE
  7164 | D:9      | 7164 ||| Stepping ~*~*~tactically~*~*~ (cloud).
  7165 | D:9      | 7165 ||| INVOKING Heroism.
  7174 | D:9      | Reached skill level 11 in Ranged Weapons
  7235 | D:9      | Noticed a centaur warrior
  7241 | D:9      | 7241 ||| INVOKING Heroism.
  7244 | D:9      | HP: 17/79 [centaur warrior/arrow (7)]
  7245 | D:9      | 7245 ||| READING scroll of teleportation.
  7245 | D:9      | HP: 6/79 [centaur warrior/arrow (12)]
  7246 | D:9      | 7246 ||| DRINKING potion of heal wounds.
  7436 | D:9      | 7436 ||| Stepping ~*~*~tactically~*~*~ (outnumbered).
  7439 | D:9      | 7439 ||| Stepping ~*~*~tactically~*~*~ (outnumbered).
  7440 | D:9      | 7440 ||| Stepping ~*~*~tactically~*~*~ (outnumbered).
  7443 | D:9      | 7443 ||| Stepping ~*~*~tactically~*~*~ (outnumbered).
  7456 | D:9      | Reached skill level 3 in Armour
  7556 | D:9      | Found a staircase to the Lair.
  7576 | D:9      | Found an ancient bone altar of Kikubaaqudgha.
  7584 | D:9      | Found a burning altar of Makhleb.
  7619 | D:9      | 7619 ||| INVOKING Heroism.
  7704 | D:9      | Found a hide-covered altar of Uskayaw.
  7791 | D:9      | 7791 ||| Stepping ~*~*~tactically~*~*~ (outnumbered).
  7809 | D:9      | 7809 ||| Stepping ~*~*~tactically~*~*~ (outnumbered).
  7811 | D:9      | 7811 ||| INVOKING Heroism.
  7824 | D:9      | Killed a centaur warrior
  7824 | D:9      | Reached ** piety under Okawaru
  7825 | D:9      | Reached skill level 12 in Ranged Weapons
  7825 | D:9      | Reached XP level 10. HP: 31/86 MP: 10/12
  7834 | D:9      | 7834 ||| INVOKING Heroism.
  7990 | D:9      | 7990 ||| SWAPPING to +0 orcbow.
  7991 | D:9      | 7991 ||| DROPPING +0 shortbow.
  8156 | D:9      | Noticed a deep elf pyromancer
  8164 | D:9      | Killed a deep elf pyromancer
  8221 | D:9      | 8221 ||| INVOKING Heroism.
  8228 | D:9      | 8228 ||| READING 3 scrolls labelled JOZXUU AD HEKU.
  8362 | D:9      | 8362 ||| INVOKING Heroism.
  8365 | D:9      | 8365 ||| DROPPING 2 scrolls of fog.
  8446 | D:9      | 8446 ||| PLANNING LAIR
  8446 | D:9      | 8446 ||| UPGRADING to +1 cloak.
  8542 | Lair:1   | Entered Level 1 of the Lair of Beasts
  8566 | Lair:1   | Noticed a cane toad
  8567 | Lair:1   | 8567 ||| INVOKING Heroism.
  8579 | Lair:1   | Killed a cane toad
  8606 | Lair:1   | 8606 ||| INVOKING Heroism.
  8611 | Lair:1   | Reached skill level 13 in Ranged Weapons
  8659 | Lair:1   | 8659 ||| INVOKING Heroism.
  8669 | Lair:1   | Reached skill level 9 in Fighting
  8689 | Lair:1   | Noticed Nergalle
  8690 | Lair:1   | 8690 ||| INVOKING Heroism.
  8706 | Lair:1   | Killed Nergalle
  8744 | Lair:1   | 8744 ||| INVOKING Heroism.
  8791 | Lair:1   | Found a transporter.
  8793 | Lair:1   | Found a transporter.
  8794 | Lair:1   | Noticed a boulder beetle
  8794 | Lair:1   | Noticed a boulder beetle
  9000 | Lair:1   | 9000 ||| READING scroll of enchant armour.
  9000 | Lair:1   | 9000 ||| ENCHANTING +0 pair of gloves.
  9157 | Lair:1   | Noticed a cane toad
  9158 | Lair:1   | 9158 ||| INVOKING Heroism.
  9162 | Lair:1   | Killed a cane toad
  9205 | Lair:1   | 9205 ||| DRINKING 3 black potions.
  9205 | Lair:1   | Lost intelligence.
  9207 | Lair:1   | 9207 ||| REMOVING +5 ring mail of the Tundras {Str+2 Int-5
                  | Dex+4}.
  9212 | Lair:1   | 9212 ||| DROPPING 2 potions of degeneration.
  9243 | Lair:2   | 9243 ||| INVOKING Heroism.
  9270 | Lair:2   | 9270 ||| STAIRDANCE
  9341 | Lair:2   | Reached skill level 14 in Ranged Weapons
  9388 | Lair:2   | 9388 ||| Stepping ~*~*~tactically~*~*~ (cloud).
  9389 | Lair:2   | 9389 ||| INVOKING Heroism.
  9394 | Lair:2   | Reached XP level 11. HP: 88/97 MP: 10/13
  9446 | Lair:2   | 9446 ||| INVOKING Heroism.
  9463 | Lair:2   | HP: 24/97 [poisoned by a cane toad]
  9468 | Lair:2   | HP: 20/97 [poisoned by a cane toad]
  9701 | Lair:2   | 9701 ||| INVOKING Heroism.
  9750 | Lair:2   | Found a staircase to the Swamp.
  9882 | Lair:2   | Reached *** piety under Okawaru
  9921 | Lair:2   | Noticed a five-headed hydra
  9922 | Lair:2   | 9922 ||| INVOKING Heroism.
  9929 | Lair:2   | Killed a five-headed hydra
 10236 | Lair:2   | 10236 ||| UPGRADING to +5 ring mail of the Tundras {Str+2
                  | Int-5 Dex+4}.
 10241 | Lair:2   | 10241 ||| READING scroll labelled NEREGYGGEO.
 10274 | Lair:3   | 10274 ||| STAIRDANCE
 10276 | Lair:2   | Received a gift from Okawaru
 10424 | Lair:3   | Reached skill level 15 in Ranged Weapons
 10428 | Lair:3   | 10428 ||| FLEEEEING.
 10429 | Lair:3   | 10429 ||| FLEEEEING.
 10430 | Lair:3   | 10430 ||| FLEEEEING.
 10431 | Lair:3   | 10431 ||| FLEEEEING.
 10432 | Lair:3   | 10432 ||| FLEEEEING.
 10433 | Lair:3   | 10433 ||| FLEEEEING.
 10434 | Lair:3   | 10434 ||| FLEEEEING.
 10435 | Lair:3   | 10435 ||| FLEEEEING.
 10436 | Lair:3   | 10436 ||| FLEEEEING.
 10437 | Lair:3   | 10437 ||| FLEEEEING.
 10438 | Lair:3   | 10438 ||| FLEEEEING.
 10439 | Lair:3   | 10439 ||| FLEEEEING.
 10454 | Lair:3   | Noticed a skyshark
 10466 | Lair:3   | Killed a skyshark
 10547 | Lair:3   | 10547 ||| INVOKING Heroism.
 10555 | Lair:3   | Reached skill level 9 in Dodging
 10585 | Lair:3   | 10585 ||| INVOKING Heroism.
 10647 | Lair:3   | Reached **** piety under Okawaru
 10651 | Lair:3   | 10651 ||| INVOKING Heroism.
 10743 | Lair:3   | Found a hole to the Spider Nest.
 10748 | Lair:3   | 10748 ||| INVOKING Heroism.
 10783 | Lair:3   | 10783 ||| INVOKING Heroism.
 10884 | Lair:3   | Noticed an oklob plant
 10885 | Lair:3   | 10885 ||| INVOKING Heroism.
 10890 | Lair:3   | Killed an oklob plant
 11033 | Lair:3   | 11033 ||| INVOKING Heroism.
 11050 | Lair:3   | HP: 25/100 [komodo dragon (4)]
 11052 | Lair:3   | 11052 ||| READING scroll of teleportation.
 11053 | Lair:3   | HP: 9/100 [komodo dragon (15)]
 11056 | Lair:3   | Reached skill level 16 in Ranged Weapons
 11124 | Lair:3   | 11124 ||| INVOKING Heroism.
 11182 | Lair:3   | 11182 ||| INVOKING Heroism.
 11197 | Lair:3   | Reached XP level 12. HP: 44/108 MP: 12/14
 12161 | Lair:4   | 12161 ||| INVOKING Heroism.
 12203 | Lair:4   | 12203 ||| FLEEEEING.
 12204 | Lair:4   | 12204 ||| FLEEEEING.
 12205 | Lair:4   | 12205 ||| FLEEEEING.
 12206 | Lair:4   | 12206 ||| FLEEEEING.
 12207 | Lair:4   | 12207 ||| FLEEEEING.
 12208 | Lair:4   | 12208 ||| FLEEEEING.
 12210 | Lair:4   | 12210 ||| FLEEEEING.
 12211 | Lair:4   | 12211 ||| FLEEEEING.
 12212 | Lair:4   | 12212 ||| FLEEEEING.
 12213 | Lair:4   | 12213 ||| FLEEEEING.
 12214 | Lair:4   | 12214 ||| FLEEEEING.
 12215 | Lair:4   | 12215 ||| FLEEEEING.
 12216 | Lair:4   | 12216 ||| FLEEEEING.
 12217 | Lair:4   | 12217 ||| FLEEEEING.
 12218 | Lair:4   | 12218 ||| FLEEEEING.
 12219 | Lair:4   | 12219 ||| STAIRDANCE
 12413 | Lair:4   | 12413 ||| INVOKING Heroism.
 12447 | Lair:4   | 12447 ||| INVOKING Heroism.
 12623 | Lair:4   | Reached skill level 6 in Invocations
 12629 | Lair:4   | Noticed a six-headed hydra
 12630 | Lair:4   | 12630 ||| INVOKING Heroism.
 12639 | Lair:4   | Killed a six-headed hydra
 12740 | Lair:4   | 12740 ||| INVOKING Heroism.
 12746 | Lair:4   | Reached skill level 6 in Armour
 12804 | Lair:4   | 12804 ||| INVOKING Heroism.
 12826 | Lair:4   | Noticed a four-headed hydra
 12827 | Lair:4   | 12827 ||| INVOKING Heroism.
 12833 | Lair:4   | Killed a four-headed hydra
 12877 | Lair:4   | 12877 ||| INVOKING Heroism.
 13000 | Lair:4   | Noticed a dire elephant
 13001 | Lair:4   | 13001 ||| INVOKING Heroism.
 13016 | Lair:4   | HP: 4/111 [dire elephant (24)]
 13017 | Lair:4   | 13017 ||| READING scroll of teleportation.
 13019 | Lair:4   | Slain by a dire elephant

Levels and vault maps discovered:
D:1:      minmay_arrival_open_corners, layout_basic
D:2:      minmay_wonky_spiral, layout_basic, basic_altar, serial_shops, shop,
          serial_forest, infiniplex_forest_straight_5,
          infiniplex_forest_zigzag_1, infiniplex_forest_clump_cross,
          infiniplex_forest_clump_double, infiniplex_forest_straight_2,
          infiniplex_forest_straight_3, chequers_serial_rivers_marsh
D:3:      layout_loops_cross, gammafunk_temple_overflow_claw
D:4:      layout_rooms, kennysheep_little_box, evilmike_ruin_ashenzari,
          fedhas_altar_decomposition, uniq_duvessa
D:5:      layout_rooms, minmay_temple_entry_nine_rooms, serial_glass,
          glass_columns_c, glass_columns_c, minmay_strange_pillars,
          feat_on_display, minmay_strange_pillars, minmay_strange_pillars,
          kennysheep_small_spiral
D:6:      layout_loops_ring, mainiacjoe_overflow_paths, serial_glass,
          glass_columns_b, glass_columns_c, glass_columns_c, glass_columns_a,
          minmay_misc_feat_diagonals
D:7:      layout_cave_pools, lemuel_tele_altar, grunt_gozag_breadcrumbs,
          minmay_misc_feat_doors
D:8:      layout_basic, serial_shops, nicolae_stop_n_shop_1,
          gammafunk_ghost_spectres, minmay_fountain_box
D:9:      cheibrodos_two_vegetables, layout_rooms, minitemple,
          mainiacjoe_overflow_boulevard, lair_entry_dummy, orc_0_dummy
Temple:   dpeg_chambers_temple
Lair:1:   gammafunk_boulding_lane, layout_cave_pods, infiniplex_staircase_pool,
          uniq_nergalle
Lair:2:   layout_hall_layers, minmay_swamp_entry_wisps, serial_bayou_shore_b
Lair:3:   layout_cave_pods, dummy_spider_entry, lemuel_fruit_fields
Lair:4:   beast_lair_carwin_large_2, layout_hall_layers

Skill      XL: |  1  2  3  4  5  6  7  8  9 10 11 12 |
---------------+-------------------------------------+-----
Ranged Weapons | 5 6 8 9 10 12 14 16 | 16.0
Fighting       | 3 4 5 6 7 9 10 11 | 11.7
Armour         | 1 2 3 4 5 6 |  6.0
Dodging        | 3 4 6 8 9 10 | 10.0
Invocations    | 3 4 6 |  6.7
Stealth        | |  0.7

Action                     |  1- 3 |  4- 6 |  7- 9 | 10-12 || total
---------------------------+-------+-------+-------+-------++-------
   Fire: Shortbow          |   140 |   142 |   394 |    13 ||   689
         Orcbow            |       |       |       |   545 ||   545
 Invoke: Heroism           |       |       |    12 |    32 ||    44
    Use: Scroll            |     6 |     5 |     8 |     5 ||    24
         Potion            |       |     2 |     5 |     1 ||     8
 Armour: Leather armour    |    14 |       |       |       ||    14
         Ring mail         |     7 |    50 |    72 |    60 ||   189
         Skin              |       |       |       |     1 ||     1
  Dodge: Dodged            |    30 |    57 |   157 |   240 ||   484
  Block: Other             |       |       |    48 |    55 ||   103

Table legend:
 A = Non-vault XP
 B = Vault XP
 C = Vault XP percentage of total XP
 D = Non-vault monster count
 E = Vault monster count
 F = Vault count percentage of total count
                 A         B        C        D         E       F
            +---------+---------+-------+---------+---------+-------
      Total |   26921 |    3443 |  11.3 |     234 |      14 |   5.6
            +---------+---------+-------+---------+---------+-------
        D:1 |      48 |       0 |   0.0 |      27 |       0 |   0.0
        D:2 |      46 |       2 |   4.2 |      15 |       1 |   6.2
        D:3 |     197 |       0 |   0.0 |      18 |       0 |   0.0
        D:4 |     266 |     219 |  45.2 |      22 |       2 |   8.3
        D:5 |     176 |       0 |   0.0 |       6 |       0 |   0.0
        D:6 |     620 |       0 |   0.0 |      12 |       0 |   0.0
        D:7 |     704 |       0 |   0.0 |      15 |       0 |   0.0
        D:8 |    1008 |       0 |   0.0 |      12 |       0 |   0.0
        D:9 |    2471 |     970 |  28.2 |      28 |       7 |  20.0
     Lair:1 |    2800 |     769 |  21.5 |      13 |       1 |   7.1
     Lair:2 |    3498 |     532 |  13.2 |      12 |       1 |   7.7
     Lair:3 |    8117 |       0 |   0.0 |      31 |       0 |   0.0
     Lair:4 |    6970 |     951 |  12.0 |      23 |       2 |   8.0
            +---------+---------+-------+---------+---------+-------
